 Dungeon Crawl Stone Soup version 0.32-a0-119-g2e8054a333 (webtiles) character file.

Game seed: 384131526010100114

441 Sobieck the Grasshopper (level 7, -7/56 HPs)
             Began as a Gnoll Warper on Feb 6, 2024.
             Mangled by Pikel
             ... wielding a +1 whip of flaming
              (9 damage)
             ... on level 3 of the Dungeon.
             The game lasted 00:06:39 (4005 turns).

Sobieck the Grasshopper (Gnoll Warper)              Turns: 4005, Time: 00:06:39

Health: -7/56      AC: 13    Str: 10    XL:     7   Next: 2%
Magic:  15/15      EV:  6    Int: 15    God:
Gold:   131        SH:  0    Dex: 11    Spells: 17/17 levels left

rFire   . . .        j - +1 dagger (venom)
rCold   . . .        (no shield)
rNeg    . . .        o - +4 chain mail
rPois   +            (no helmet)
rElec   .            (no cloak)
rCorr   .            (no gloves)
SInv    .            (no boots)
Will    .....        (no amulet) Stlth
                     r - ring of poison resistance
HPRegen 0.29/turn    (no ring)
MPRegen 0.14/turn

%: no passive effects
@: invisible
A: fangs 1, strong nose, distributed training
a: no special abilities


You were on level 3 of the Dungeon.
You visited 1 branch of the dungeon, and saw 4 of its levels.

You collected 131 gold pieces.

Inventory:

Hand Weapons
 a - a +0 spear
 f - a +3 whip
 j - a +1 dagger of venom (weapon)
 k - a +0 sling
Missiles
 d - 7 darts of dispersal (quivered)
 i - 9 poisoned darts
 v - 2 throwing nets
Armour
 b - a +0 leather armour
 o - a +4 chain mail (worn)
Jewellery
 r - a ring of poison resistance (left hand)
 s - the ring "Obruing" {rC+ rN+ Int+6}
   (You found it on level 3 of the Dungeon)

   [ring of intelligence]

   Int+6:     It affects your intelligence (+6).
   rC+:       It protects you from cold.
   rN+:       It protects you from negative energy.
 u - a ring of wizardry
Scrolls
 c - a scroll of blinking
 e - 5 scrolls of teleportation
 h - a scroll of poison
 l - a scroll of identify
 p - 2 scrolls of vulnerability
 w - a scroll of immolation {unknown}
Potions
 g - a potion of might
 m - a potion of resistance
 n - 2 potions of attraction


   Skills:
 + Level 5.1 Fighting
 + Level 2.3 Short Blades
 + Level 2.3 Long Blades
 + Level 2.3 Axes
 + Level 2.3 Maces & Flails
 + Level 5.1 Polearms
 + Level 2.3 Staves
 + Level 2.3 Ranged Weapons
 + Level 3.5 Throwing
 + Level 3.5 Armour
 + Level 5.1 Dodging
 + Level 2.3 Stealth
 + Level 2.3 Shields
 + Level 2.3 Unarmed Combat
 + Level 5.5 Spellcasting
 + Level 1.8 Conjurations
 + Level 1.8 Hexes
 + Level 1.8 Summonings
 + Level 1.8 Necromancy
 + Level 5.8 Translocations
 + Level 1.8 Fire Magic
 + Level 1.8 Ice Magic
 + Level 1.8 Air Magic
 + Level 1.8 Earth Magic
 + Level 1.8 Alchemy
 + Level 2.5 Invocations
 + Level 2.3 Evocations
 + Level 2.1 Shapeshifting


You had 17 spell levels left.
You didn't know any spells.
Your spell library contained the following spells:

 Spells                   Type           Power      Damage    Failure   Level
 Blink                    Tloc           42%        N/A       61%         2
 Lesser Beckoning         Tloc           42%        N/A       61%         2
 Teleport Other           Tloc           21%        N/A       83%         3
 Manifold Assault         Tloc           21%        N/A       99%         4
 Vhi's Electric Charge    Tloc/Air       30%        N/A       100%        4


Dungeon Overview and Level Annotations

Branches:
Dungeon (4/15)
 Temple: D:4-7

Altars:
Ashenzari
Hepliaklqana
Trog

Shops:
D:1 =   D:2 =

Annotations:
D:3 Pikel


Innate Abilities, Weirdness & Mutations

You have very sharp teeth.
Your uncanny sense of smell can sniff out nearby items.
Your experience applies equally to all skills.


Message History

Pikel burns you.
* * * LOW HITPOINT WARNING * * *
Unknown command.
Unknown command.
You hit Pikel.
Pikel is poisoned.
You bite Pikel.
Pikel is lightly wounded.
Pikel hits you with a +1 whip of flaming!
* * * LOW HITPOINT WARNING * * *
Pikel burns you.
* * * LOW HITPOINT WARNING * * *
You closely miss Pikel.
Pikel is lightly wounded.
Pikel hits you with a +1 whip of flaming.
* * * LOW HITPOINT WARNING * * *
Pikel burns you.
* * * LOW HITPOINT WARNING * * *
Unknown command.
You hit Pikel. Your punch misses Pikel. Your bite misses Pikel.
Pikel is heavily wounded.
Pikel hits you with a +1 whip of flaming.
* * * LOW HITPOINT WARNING * * *
Pikel burns you.
* * * LOW HITPOINT WARNING * * *
Unknown command.
You completely miss Pikel. You bite Pikel, but do no damage.
Pikel is heavily wounded.
Pikel hits you with a +1 whip of flaming.
* * * LOW HITPOINT WARNING * * *
Pikel burns you.
* * * LOW HITPOINT WARNING * * *
Unknown command.
It was a potion of cancellation.
Your magical effects are unravelling.
You feel magically purged.
You feel a little less mighty now. Pikel hits you but does no damage.
It was a potion of invisibility.
You fade into invisibility!
Pikel hits you with a +1 whip of flaming.
* * * LOW HITPOINT WARNING * * *
Pikel burns you.
* * * LOW HITPOINT WARNING * * *
Unknown command.
You closely miss Pikel.
Pikel is heavily wounded.
You hit Pikel but do no damage.
Pikel looks even sicker.
Pikel is heavily wounded.
Pikel hits you with a +1 whip of flaming!
You die...
Pikel says, "See you in Hell!"

#..................#.
#........#####.......
#)######.# ##...#....
##>## #.###..###....
#)))# ###.....## #....
#...# #....#### #....
#...# #.#.## ####..
#.>.###...#######.....
#..5K@.....<..........
#...###..########.....
#...#......# ######
#...#......#
#...#......#
#####......# #......#
#....).# #......#


You could see Pikel (unable to see you, very poisoned) and a lemure (unable to
see you).

Vanquished Creatures
  3 lemures (D:3)
  Blork the orc (D:4)
  A scorpion (D:4)
  A hound (D:4)
  A bombardier beetle (D:4)
  2 iguanas (D:4)
  Robin (D:4)
  2 adders
  7 gnolls
  3 dart slugs
  5 orcs (D:3)
  7 bats
  9 endoplasms
  2 giant cockroaches (D:4)
  18 goblins
  9 hobgoblins
  2 jackals (D:1)
  6 quokkas
  2 ball pythons
  A frilled lizard (D:3)
  6 kobolds
  10 rats
99 creatures vanquished.

Notes
Turn   | Place    | Note
-------+----------+-------------------------------------------
     0 | D:1      | Sobieck the Gnoll Warper began the quest for the Orb.
     0 | D:1      | Reached XP level 1. HP: 20/20 MP: 6/6
    77 | D:1      | Reached XP level 2. HP: 21/26 MP: 7/7
   284 | D:1      | Reached XP level 3. HP: 31/31 MP: 7/9
   636 | D:1      | Reached skill level 1 in Invocations
   721 | D:1      | Found Iffeec's Jewellery Shop.
  1516 | D:2      | Reached skill level 1 in Short Blades
  1516 | D:2      | Reached skill level 1 in Long Blades
  1516 | D:2      | Reached skill level 1 in Axes
  1516 | D:2      | Reached skill level 1 in Maces & Flails
  1516 | D:2      | Reached skill level 1 in Staves
  1516 | D:2      | Reached skill level 1 in Ranged Weapons
  1516 | D:2      | Reached skill level 1 in Stealth
  1516 | D:2      | Reached skill level 1 in Shields
  1516 | D:2      | Reached skill level 1 in Unarmed Combat
  1516 | D:2      | Reached skill level 1 in Evocations
  1786 | D:2      | Found Unuskius's Jewellery Boutique.
  1936 | D:3      | Reached skill level 1 in Shapeshifting
  1936 | D:3      | Reached XP level 4. HP: 27/38 MP: 11/11
  2041 | D:2      | Reached skill level 1 in Conjurations
  2041 | D:2      | Reached skill level 1 in Hexes
  2041 | D:2      | Reached skill level 1 in Summonings
  2041 | D:2      | Reached skill level 1 in Necromancy
  2041 | D:2      | Reached skill level 1 in Fire Magic
  2041 | D:2      | Reached skill level 1 in Ice Magic
  2041 | D:2      | Reached skill level 1 in Air Magic
  2041 | D:2      | Reached skill level 1 in Earth Magic
  2041 | D:2      | Reached skill level 1 in Alchemy
  2139 | D:3      | Found a hazy altar of Hepliaklqana.
  2360 | D:3      | Identified the ring "Obruing" {rC+ rN+ Int+6}
  2403 | D:3      | Found a bloodstained altar of Trog.
  2585 | D:3      | Reached XP level 5. HP: 43/43 MP: 12/12
  2698 | D:4      | Noticed Pikel
  2698 | D:4      | Noticed a lemure
  2698 | D:4      | Noticed a lemure
  2698 | D:4      | Noticed a lemure
  2698 | D:4      | Noticed a lemure
  2718 | D:3      | Killed a lemure
  2732 | D:3      | Killed a lemure
  2949 | D:4      | Noticed Robin
  3006 | D:3      | Reached skill level 3 in Throwing
  3006 | D:3      | Reached skill level 3 in Armour
  3033 | D:4      | Killed Robin
  3280 | D:4      | Reached XP level 6. HP: 51/51 MP: 14/14
  3297 | D:4      | Noticed Blork the orc
  3321 | D:4      | Killed Blork the orc
  3557 | D:4      | Found a broken altar of Ashenzari.
  3691 | D:4      | Reached XP level 7. HP: 56/56 MP: 15/15
  4003 | D:3      | HP: 1/56 [Pikel/+1 whip of flaming (2)]
  4005 | D:3      | Mangled by Pikel

Illustrated notes

Levels and vault maps discovered:
D:1:      dreamdust_arrival_sigmund_warning, layout_basic, serial_shops,
          nicolae_shop_pleasant_corner_grove, serial_curves, eino_curves_04,
          eino_curves_01, eino_curves_04
D:2:      layout_loops_corners, serial_shops, shop, amethyst_killhole,
          minmay_tromino_v4_b
D:3:      layout_rooms, nicolae_hepliaklqana_hazy_memory, marbit_many_paths
D:4:      layout_loops_ring, old_standard_altar, uniq_blork_the_orc, uniq_robin,
          uniq_pikel

Skill      XL: |  1  2  3  4  5  6 |
---------------+-------------------+-----
Spellcasting   | 5 |  5.5
Invocations    | 1 2 |  2.5
Short Blades   | 1 2 |  2.3
Long Blades    | 1 2 |  2.3
Axes           | 1 2 |  2.3
Maces & Flails | 1 2 |  2.3
Staves         | 1 2 |  2.3
Ranged Weapons | 1 2 |  2.3
Stealth        | 1 2 |  2.3
Shields        | 1 2 |  2.3
Unarmed Combat | 1 2 |  2.3
Evocations     | 1 2 |  2.3
Shapeshifting  | 1 2 |  2.1
Conjurations   | 1 |  1.8
Hexes          | 1 |  1.8
Summonings     | 1 |  1.8
Necromancy     | 1 |  1.8
Fire Magic     | 1 |  1.8
Ice Magic      | 1 |  1.8
Air Magic      | 1 |  1.8
Earth Magic    | 1 |  1.8
Alchemy        | 1 |  1.8
Throwing       | 3 |  3.5
Armour         | 3 |  3.5
Fighting       | 5 |  5.1
Polearms       | 5 |  5.1
Dodging        | 5 |  5.1
Translocations | |  5.8

Action                     |  1- 3 |  4- 6 |  7- 9 || total
---------------------------+-------+-------+-------++-------
  Melee: Spear             |    69 |       |       ||    69
         Bite              |    11 |    15 |     2 ||    28
         Punch             |     5 |    12 |     2 ||    19
         Dagger            |    67 |   176 |    31 ||   274
    Use: Scroll            |       |     8 |       ||     8
         Potion            |       |       |     3 ||     3
   Stab: Sleeping          |     2 |       |       ||     2
 Armour: Leather armour    |    30 |       |       ||    30
         Chain mail        |    30 |   160 |    32 ||   222
  Dodge: Dodged            |    51 |    55 |     9 ||   115

Table legend: (Time is in decaauts)
 A = Elapsed time spent in this place.
 B = Non-inter-level travel time spent in this place.
 C = Inter-level travel time spent in this place.
 D = Time resting spent in this place.
 E = Time spent auto-exploring this place.
 F = Levels seen in this place.
 G = Mean time per level.
                   A        B        C        D        E       F      G
               +--------+--------+--------+--------+--------+-----+--------+
         Total |   3987 |   3656 |    331 |    715 |   2177 |   4 |  996.8 |
       Dungeon |   3987 |   3656 |    331 |    715 |   2177 |   4 |  996.8 |
               +--------+--------+--------+--------+--------+-----+--------+

Top non-repeatable levels by time:
     D:1: 1024 daAuts
     D:3: 1015 daAuts
     D:2: 996 daAuts
     D:4: 952 daAuts
